 Dungeon Crawl Stone Soup version 0.28-a0-312-gbced6e68ee (webtiles) character file.

Game seed: 10487663229991127494

93429 SolCadguy the Thaumaturge (level 15, -3/128 (130) HPs)
             Began as a Purple Draconian Ice Elementalist on Aug 30, 2021.
             Was a High Priest of Vehumet.
             Slain by a ghoul (7 damage)
             ... on level 3 of the Swamp on Aug 31, 2021.
             The game lasted 02:57:26 (33163 turns).

SolCadguy the Thaumaturge (DrIE)                   Turns: 33163, Time: 02:57:27

HP:   -3/128 (130)  AC: 31    Str: 12    XL:     15   Next: 60%
MP:   14/31         EV: 14    Int: 24    God:    Vehumet [*****.]
Gold: 1685          SH: 11    Dex: 18    Spells: 4/39 levels left

rFire   + . .      SeeInvis .   G - +3 trident (protect)
rCold   + + .      Faith    .   j - +0 kite shield
rNeg    + . .      Spirit   .   (armour unavailable)
rPois   +          Reflect  .   i - +2 hat
rElec   .          Harm     .   (no cloak)
rCorr   .          Rampage  .   t - +2 pair of gloves
Will    ++...                   b - +0 pair of boots
Stlth   +++.......              c - amulet of the acrobat
HPRegen 0.31/turn               q - ring of Pessimism {rC++ rN+ Int+4}
MPRegen 0.22/turn               R - ring "Ulei" {Fly rPois Dex+6 Stlth+}

@: ice-armoured, under a protective aura, flying, studying Axes, lightly drained
A: breathe power, AC +9, unfitting armour, cold-blooded, antennae 1, fire
resistance 1, sense surroundings 1
a: Breathe Dispelling Energy, Renounce Religion


You were on level 3 of the Swamp.
You worshipped Vehumet.
Vehumet was extremely pleased with you.
You visited 6 branches of the dungeon, and saw 23 of its levels.
You also visited: Ossuary and Volcano.

You collected 2484 gold pieces.
You spent 799 gold pieces at shops.

Inventory:

Hand Weapons
 r - a +1 bardiche of flaming
 G - a +3 trident of protection (weapon)
 K - the +5 quarterstaff of a treasure trove {drain, Dex+2}
   (You found it on level 7 of the Dungeon)

   A truly terrible weapon, it drains the life of any living foe it strikes.
   Dex:       It affects your dexterity (+2).
 U - a +3 battleaxe of freezing
Missiles
 p - 2 throwing nets
 I - 15 boomerangs (quivered)
Armour
 b - a +0 pair of boots (worn)
 i - a +2 hat (worn)
 j - a +0 kite shield (worn)
 t - a +2 pair of gloves (worn)
Magical Staves
 Q - a staff of fire
Jewellery
 c - an amulet of the acrobat (around neck)
 d - a +6 ring of intelligence
 q - the ring of Pessimism (left hand) {rC++ rN+ Int+4}
   (You bought it in a shop on level 2 of the Orcish Mines)

   [ring of positive energy]

   Int:       It affects your intelligence (+4).
   rC:        It greatly protects you from cold.
   rN:        It protects you from negative energy.
 x - a ring of resist corrosion
 y - a ring of magical power
 H - a +4 ring of slaying
 N - a ring of ice
 R - the ring "Ulei" (right hand) {Fly rPois Dex+6 Stlth+}
   (You found it on level 3 of the Lair of Beasts)

   [ring of dexterity]

   Dex:       It affects your dexterity (+6).
   rPois:     It protects you from poison.
   Fly:       It grants you flight.
   Stlth:     It makes you more stealthy.
Wands
 k - a wand of iceblast (9)
 v - a wand of flame (50)
 E - a wand of digging (7)
 F - a wand of paralysis (5)
 M - a wand of mindburst (13)
 P - a wand of polymorph (14)
Scrolls
 h - 13 scrolls of teleportation
 l - 6 scrolls of amnesia
 o - a scroll of immolation
 u - a scroll of enchant armour
 C - 2 scrolls of blinking
 J - a scroll of identify
Potions
 a - a potion of curing
 e - 3 potions of lignification
 f - a potion of might
 g - 3 potions of resistance
 m - 6 potions of attraction
 n - 5 potions of haste
 w - 9 potions of ambrosia
 B - 2 potions of invisibility
 D - a potion of cancellation {unknown}
 L - 2 potions of mutation
 S - a potion of berserk rage
 T - a potion of brilliance
Miscellaneous
 O - a lightning rod (4/4)


   Skills:
 - Level 11.2 Fighting
 - Level 8.2(9.8) Polearms
 - Level 8.3(9.8) Staves
 - Level 6.7 Dodging
 - Level 1.7 Stealth
 - Level 8.4 Shields
 + Level 12.7 Spellcasting
 - Level 11.1 Conjurations
 - Level 3.1 Hexes
 - Level 10.0 Fire Magic
 - Level 10.0 Ice Magic
 - Level 2.2 Poison Magic
 + Level 3.1 Evocations


You had 4 spell levels left.
You knew the following spells:

 Your Spells              Type           Power      Damage    Failure   Level
a - Freeze                Ice            100%       1d11      1%          1
b - Frozen Ramparts       Ice            100%       1d12      1%          3
c - Ozocubu's Armour      Ice            59%        N/A       1%          3
d - Foxfire               Conj/Fire      100%       2x1d9     1%          1
e - Hailstorm             Conj/Ice       60%        3d13      1%          4
f - Conjure Flame         Conj/Fire      60%        6-21      1%          3
g - Poisonous Vapours     Pois/Air       40%        N/A       2%          2
h - Fireball              Conj/Fire      30%        3d13      1%          5
i - Dazzling Flash        Conj/Hex       98%        N/A       1%          3
j - Sticky Flame          Conj/Fire      60%        2d8       1%          4
k - Conjure Ball Lightni  Conj/Air       21%        3x3d6     32%         6

Your spell library contained the following spells:

 Spells                   Type           Power      Damage    Failure   Level
 Lee's Rapid Deconstruct  Erth           7%         3d8*      50%         5
 Magic Dart               Conj           100%       1d8       1%          1
 Searing Ray              Conj           100%       3d7       1%          2
 Inner Flame              Hex/Fire       46%        N/A       1%          3
 Fulminant Prism          Conj/Hex       24%        3d13      1%          4
 Sandblast                Erth           30%        2d9       2%          1
 Sting                    Tmut/Pois      80%        1d7       6%          1
 Olgreb's Toxic Radiance  Pois           26%        N/A       10%         4
 Passwall                 Tmut/Erth      12%        N/A       14%         2
 Sublimation of Blood     Necr           7%         N/A       14%         2
 Petrify                  Tmut/Erth      15%        N/A       65%         4
 Irradiate                Conj/Tmut      21%        3d20      7%          5


Dungeon Overview and Level Annotations

Branches:
Dungeon (10/15)            Temple (1/1) D:5            Lair (6/6) D:10
  Swamp (2/4) Lair:3        Snake (1/4) Lair:2        Slime (0/5) Lair:5
    Orc (2/2) D:10            Elf (0/3) Orc:2       Ossuary (visited)
Volcano (visited)

Altars:
Ashenzari
Cheibriados
Dithmenos
Elyvilon
Fedhas
Gozag
Hepliaklqana
Kikubaaqudgha
Makhleb
Nemelex Xobeh
Okawaru
Qazlal
Ru
Sif Muna
Trog
Uskayaw
Vehumet
Wu Jian
Xom
Yredelemnul
Zin
The Shining One
Jiyva

Shops:
Orc:2 [[[=

Portals:
Bazaar: Orc:2

Annotations:
Lair:5 2 transporters, Devyomi's ghost, journeyman GrBe


Innate Abilities, Weirdness & Mutations

You can breathe bolts of dispelling energy.
Your rich purple scales are hard. (AC +9)
You cannot fit into any form of body armour.
You are cold-blooded and may be slowed by cold attacks.
You have a pair of small antennae on your head.
Your flesh is heat resistant. (rF+)
You passively map a small area around you.


Message History

G - a +3 trident of protection (weapon)
You feel much better.
Casting: Fireball (mildly dangerous; 1% risk of failure)
Confirm with . or Enter, or press ? or * to list all spells.
A film of ice covers your body!
You closely miss the ghoul. The ghoul claws you! x2
You hit the ghoul.
Your weapon exudes an aura of protection.
The ghoul is lightly damaged.
The ghoul claws you but does no damage. x2
Casting: Ozocubu's Armour (safe; 1% risk of failure)
Confirm with . or Enter, or press ? or * to list all spells.
Aiming: Sticky Flame (safe; 1% risk of failure)
Press: ? - help, Shift-Dir - straight line, f - ghoul
Aim: a ghoul (lightly damaged, 100% to hit)
The sticky flame hits the ghoul.
The ghoul is lightly damaged.
The ghoul is covered in liquid flames!
The ghoul burns!
You block the ghoul's attack. The ghoul claws you.
You hit the ghoul. You tail-slap the ghoul.
The ghoul is lightly damaged.
The ghoul burns!
The ghoul claws you but does no damage. The ghoul claws you!
* * * LOW HITPOINT WARNING * * *
Press: ? - help, v - describe, . - travel
Here: a ghoul (lightly damaged, covered in liquid flames)
The floor.
You puncture the ghoul!
Your tail-slap misses the ghoul.
The ghoul is lightly damaged.
The ghoul burns!
The ghoul claws you.
* * * LOW HITPOINT WARNING * * *
The ghoul claws you!!
* * * LOW HITPOINT WARNING * * *
You feel better.
The ghoul burns!
The ghoul completely misses you. The ghoul claws you but does no damage.
As you read the scroll of holy word, it crumbles to dust.
You speak a Word of immense power!
The ghoul convulses!
The ghoul burns!
The ghoul claws you!
* * * LOW HITPOINT WARNING * * *
The ghoul claws you!
You die...

t♣*♣§.≈≈≈#.....#,,*
≈♣♣..≈.≈.......+..♣
≈♣♣♣.♣≈..#...(.#..♣
.♣ ♣♣♣.(.#÷#####..♣
.♣***......#,,,#..♣
≈≈**..###.#.,,,#..♣
≈≈*,..*,,.,#,,,#..♣
≈≈,≈,,*,,,,*,,,#..♣
≈≈,,,,*,,,,*,,,#@.♣♣
≈≈≈≈,,,********#n.≈♣*
≈≈≈*,,,,,,..........♣
≈,,,,≈,,,,......≈.≈♣♣
≈≈≈,≈≈≈*≈≈.≈.♣♣..♣.♣
*≈≈,≈≈≈≈≈,n$**.≈.≈♣♣
≈,,≈≈,≈≈≈≈.**♣.≈≈♣*
≈≈≈,,≈,,,≈,**♣♣.♣♣
≈*≈,,,**,≈,,,≈.♣*


You could see a ghoul (dazed, burning).

Vanquished Creatures
  A tentacled monstrosity (Swamp:1)
  A thorn hunter (Swamp:2)
  Nessos (Lair:4)
  2 bunyips (Swamp:2)
  Josephine (D:10)
  A boulder beetle (Lair:6)
  7 hydras
  3 ogre magi
  A spriggan air mage (Swamp:1)
  A centaur warrior (D:8)
  4 catoblepae
  An anaconda (Snake:1)
  An alligator (Swamp:1)
  13 death yaks (Lair:6)
  An orc high priest (D:10)
  13 two-headed ogres
  A hell knight (Volcano)
  Sonja (Lair:3)
  A goliath frog (Swamp:1)
  2 deep trolls (Orc:2)
  An orc knight (D:10)
  A lindwurm (Lair:6)
  2 cyclopes (Orc:2)
  2 will-o-the-wisps (Swamp:1)
  3 manticores
  6 elephants
  3 black mambas
  2 molten gargoyles (Volcano)
  15 cane toads
  3 torpor snails
  12 komodo dragons
  6 rime drakes
  Grinder (D:6)
  A bloated husk (Swamp:1)
  2 queen bees
  Prince Ribbit (Lair:3)
  6 polar bears
  10 trolls
  3 tyrant leeches (Swamp:1)
  9 dream sheep
  26 blink frogs
  2 shadows
  3 wraiths (D:10)
  6 wyverns
  A vampire (D:10)
  53 yaks
  2 fire bats (Volcano)
  3 basilisks
  A steam dragon (D:7)
  2 wargs (Orc:1)
  4 swamp worms
  3 vampire mosquitoes (Swamp:1)
  19 water moccasins
  3 swamp drakes
  2 sky beasts (D:6)
  9 orc warriors
  A hornet zombie (D:9)
  An ice beast (D:8)
  A black bear (D:6)
  23 ogres
  2 necrophages
  21 wolves
  A centaur (D:9)
  A phantom (D:5)
  3 kobold brigands
  A gnoll sergeant (D:8)
  13 bullfrogs
  A wyvern zombie (D:8)
  13 scorpions
  45 killer bees
  3 vampire bats (D:7)
  14 wights
  5 howler monkeys
  8 electric eels
  6 centaur zombies
  8 lava snakes (Volcano)
  A human zombie (Ossuary)
  A bullfrog zombie (D:6)
  2 bullfrog skeletons
  A hound (D:6)
  2 centaur skeletons
  10 orc priests
  An iguana (D:6)
  13 orc wizards
  6 scorpion zombies (Ossuary)
  A hound skeleton (D:3)
  2 hound zombies (D:3)
  3 mummies (Ossuary)
  2 howler monkey zombies
  5 gnolls (D:8)
  A howler monkey skeleton (D:6)
  10 adders
  A shadow imp (D:7)
  2 white imps
  An adder zombie (D:3)
  2 adder skeletons
  4 dart slugs
  51 orcs
  3 bats
  2 bat skeletons (D:7)
  5 bat zombies (D:7)
  4 endoplasms
  6 giant cockroaches
  2 gnoll zombies (Ossuary)
  5 goblins
  2 hobgoblins
  21 kobolds
  6 quokkas
  6 ball pythons
  2 ball python skeletons (D:3)
  7 frilled lizards
  2 giant cockroach zombies (D:3)
  3 hobgoblin zombies (Ossuary)
  4 kobold zombies (Ossuary)
  2 orc zombies (Ossuary)
  4 rats
664 creatures vanquished.

Vanquished Creatures (others)
  A two-headed ogre (Orc:2)
  A spriggan (Swamp:3)
  A bloated husk (Swamp:3)
  2 hornets (Swamp:3)
  176 foxfires
  3 fulminant prisms
  41 fungi
  97 plants
  7 toadstools (D:1)
  2 withered plants (D:3)
331 creatures vanquished.

Grand Total: 995 creatures vanquished

Notes
Turn   | Place    | Note
-------+----------+-------------------------------------------
     0 | D:1      | SolCadguy the Draconian Ice Elementalist began the quest
                  | for the Orb.
     0 | D:1      | Reached XP level 1. HP: 14/14 MP: 3/3
   275 | D:1      | Reached XP level 2. HP: 20/20 MP: 1/5
   902 | D:1      | Reached skill level 5 in Ice Magic
   918 | D:1      | Reached XP level 3. HP: 26/26 MP: 6/6
   953 | D:1      | Learned a level 3 spell: Frozen Ramparts
  1584 | D:2      | Reached XP level 4. HP: 26/33 MP: 7/7
  1667 | D:2      | Learned a level 3 spell: Ozocubu's Armour
  2220 | D:2      | Found a faded altar of an unknown god.
  2528 | D:3      | Reached XP level 5. HP: 38/38 MP: 4/8
  3065 | D:3      | Reached skill level 1 in Staves
  3849 | D:4      | Noticed a necrophage
  4345 | D:4      | Found a hazy altar of Hepliaklqana.
  4450 | D:4      | Reached XP level 6. HP: 45/45 MP: 5/9
  4552 | D:5      | Entered Level 5 of the Dungeon
  4964 | D:5      | Found a staircase to the Ecumenical Temple.
  5023 | D:5      | Found a sand-covered staircase.
  5027 | Ossuary  | Entered an ossuary
  5050 | Ossuary  | Reached skill level 3 in Spellcasting
  5147 | Ossuary  | Learned a level 1 spell: Foxfire
  5163 | Ossuary  | Your scales start taking on a rich purple colour.
  5163 | Ossuary  | Reached skill level 4 in Spellcasting
  5163 | Ossuary  | Reached XP level 7. HP: 38/50 MP: 10/13
  5348 | Ossuary  | Reached skill level 5 in Spellcasting
  5477 | Ossuary  | Learned a level 4 spell: Hailstorm
  5481 | Ossuary  | Learned a level 3 spell: Conjure Flame
  5500 | Ossuary  | Reached skill level 5 in Staves
  5508 | Ossuary  | Reached skill level 1 in Fire Magic
  5577 | Ossuary  | Reached XP level 8. HP: 48/57 MP: 12/16
  6120 | D:5      | Found a broken altar of Ashenzari.
  6480 | D:5      | Learned a level 2 spell: Poisonous Vapours
  6593 | D:6      | Reached skill level 1 in Conjurations
  6753 | D:6      | Reached XP level 9. HP: 62/62 MP: 8/17
  6928 | D:6      | Noticed Grinder
  6936 | D:6      | Killed Grinder
  7011 | D:6      | Found a hide-covered altar of Uskayaw.
  7011 | D:6      | Found a stormy altar of Qazlal.
  7149 | Temple   | Entered the Ecumenical Temple
  8569 | D:7      | Reached skill level 1 in Polearms
  8781 | D:7      | Reached skill level 5 in Conjurations
  8988 | D:7      | Reached skill level 1 in Fighting
  9075 | D:7      | Reached skill level 6 in Spellcasting
  9277 | D:7      | Found an ancient bone altar of Kikubaaqudgha.
  9303 | D:7      | Identified the +5 quarterstaff of a treasure trove {drain,
                  | Dex+2}
  9311 | D:7      | Gained mutation: You passively map a small area around you.
                  | [potion of mutation]
  9311 | D:7      | Gained mutation: You have a pair of small antennae on your
                  | head. [potion of mutation]
  9311 | D:7      | Gained mutation: Your flesh is heat resistant. (rF+)
                  | [potion of mutation]
  9880 | Temple   | Became a worshipper of Vehumet
 10331 | D:8      | Reached XP level 10. HP: 77/77 MP: 19/19
 10475 | D:8      | Reached * piety under Vehumet
 10475 | D:8      | Offered knowledge of Sandblast by Vehumet.
 10893 | D:8      | Noticed a centaur warrior
 10911 | D:8      | Killed a centaur warrior
 10912 | D:8      | Reached skill level 7 in Spellcasting
 10999 | D:8      | Learned a level 4 spell: Fulminant Prism
 11364 | D:9      | Reached skill level 1 in Hexes
 11647 | D:9      | Reached skill level 5 in Polearms
 11651 | D:9      | Reached skill level 5 in Fighting
 11775 | D:9      | Identified the +2 ring mail of the Boiling Point {Fly Str-2
                  | Int+8 SInv}
 12229 | D:9      | Reached ** piety under Vehumet
 12229 | D:9      | Offered knowledge of Shock by Vehumet.
 12250 | D:10     | Entered Level 10 of the Dungeon
 12250 | D:10     | Noticed a two-headed ogre
 12259 | D:10     | Killed a two-headed ogre
 12260 | D:10     | Reached skill level 1 in Poison Magic
 12401 | D:10     | Reached XP level 11. HP: 41/89 MP: 15/21
 13114 | D:10     | Found a staircase to the Orcish Mines.
 13214 | D:10     | Found a staircase to the Lair.
 13224 | D:10     | Found a shimmering blue altar of Sif Muna.
 13841 | Orc:1    | Entered Level 1 of the Orcish Mines
 13841 | Orc:1    | Noticed Josephine
 13847 | Orc:1    | Noticed an orc high priest
 13849 | Orc:1    | Noticed an orc knight
 13862 | D:10     | Killed Josephine
 14006 | D:10     | Killed an orc knight
 14276 | D:10     | Killed an orc high priest
 14404 | Orc:1    | Offered knowledge of Dazzling Flash by Vehumet.
 14794 | Orc:1    | Reached *** piety under Vehumet
 14978 | Orc:2    | Entered Level 2 of the Orcish Mines
 15428 | Lair:1   | Entered Level 1 of the Lair of Beasts
 15467 | Lair:1   | Learned a level 3 spell: Dazzling Flash
 16600 | Lair:2   | Found a staircase to the Snake Pit.
 16804 | Lair:2   | Offered knowledge of Sticky Flame by Vehumet.
 16805 | Lair:2   | Reached XP level 12. HP: 75/101 MP: 13/23
 16987 | Lair:2   | Reached skill level 8 in Spellcasting
 17187 | Lair:2   | Learned a level 4 spell: Sticky Flame
 17288 | Lair:2   | Reached skill level 9 in Spellcasting
 17694 | Lair:2   | Reached skill level 10 in Spellcasting
 17896 | Lair:2   | Reached **** piety under Vehumet
 17904 | Lair:2   | Offered knowledge of Fireball by Vehumet.
 18860 | Lair:2   | Learned a level 5 spell: Fireball
 19156 | Snake:1  | Entered Level 1 of the Snake Pit
 19156 | Snake:1  | Noticed an anaconda
 19350 | Lair:3   | Noticed a six-headed hydra
 19364 | Lair:3   | Killed a six-headed hydra
 19365 | Lair:3   | Reached skill level 11 in Spellcasting
 19607 | Lair:3   | Noticed Prince Ribbit
 19623 | Lair:3   | Killed Prince Ribbit
 19674 | Lair:3   | Reached ***** piety under Vehumet
 19685 | Lair:3   | Offered knowledge of Ozocubu's Refrigeration by Vehumet.
 19730 | Lair:3   | Reached XP level 13. HP: 52/111 MP: 7/28
 20234 | Lair:3   | Noticed Sonja
 20240 | Lair:3   | Killed Sonja
 20241 | Lair:3   | Reached skill level 5 in Dodging
 20498 | Lair:3   | Found a staircase to the Swamp.
 20659 | Lair:3   | Reached skill level 10 in Conjurations
 20908 | Lair:3   | Reached skill level 10 in Fighting
 21144 | Lair:3   | Identified the ring "Ulei" {Fly rPois Dex+6 Stlth+}
 21268 | Lair:4   | Noticed Nessos
 21772 | Lair:4   | Killed Nessos
 22961 | D:6      | Found a stormy altar of Qazlal.
 22967 | D:6      | Found a hide-covered altar of Uskayaw.
 23792 | Snake:1  | Reached skill level 1 in Shields
 24448 | Lair:5   | Found a transporter.
 24684 | Lair:5   | Found a viscous altar of Jiyva.
 24684 | Lair:5   | Found a staircase to the Slime Pits.
 24825 | Lair:5   | Reached skill level 5 in Fire Magic
 25260 | Lair:5   | Found a transporter.
 25261 | Lair:5   | Noticed Devyomi's ghost (journeyman GrBe)
 25263 | Lair:5   | Found a bloodstained altar of Trog.
 25557 | Lair:6   | Entered Level 6 of the Lair of Beasts
 25749 | Lair:6   | Reached XP level 14. HP: 121/121 MP: 17/29
 25848 | Lair:6   | Offered knowledge of Conjure Ball Lightning by Vehumet.
 25930 | Lair:6   | Found a dark tunnel.
 25939 | Volcano  | Entered a volcano
 26512 | Volcano  | Found a burning altar of Makhleb.
 26517 | Volcano  | Reached skill level 5 in Shields
 27909 | Lair:6   | Reached skill level 10 in Ice Magic
 27950 | Lair:6   | Learned a level 6 spell: Conjure Ball Lightning
 28642 | Lair:6   | Offered knowledge of Lee's Rapid Deconstruction by Vehumet.
 29868 | Orc:2    | Found a gateway to a bazaar.
 30101 | Orc:2    | Found Beosetaja's Antique Armour Shoppe.
 30130 | Orc:2    | Reached XP level 15. HP: 64/127 MP: 27/30
 30534 | Orc:2    | Found Edic's Armour Shop.
 30535 | Orc:2    | Found Fecotaca's Jewellery Shop.
 30539 | Orc:2    | Found Goaw Wohaubo's Armour Boutique.
 30651 | Orc:2    | Reached skill level 12 in Spellcasting
 30709 | Orc:2    | Found a staircase to the Elven Halls.
 30972 | Orc:2    | Bought a pair of boots for 112 gold pieces
 30982 | Orc:2    | Bought the ring of Pessimism {rC++ rN+ Int+4} for 687 gold
                  | pieces
 31137 | Swamp:1  | Entered Level 1 of the Swamp
 31175 | Swamp:1  | You are sucked into a shaft and drop 1 floor!
 31435 | Swamp:1  | Noticed a tentacled monstrosity
 31475 | Swamp:1  | Killed a tentacled monstrosity
 32393 | Swamp:1  | Reached skill level 10 in Fire Magic
 32863 | Swamp:2  | Reached skill level 1 in Evocations
 33047 | Swamp:2  | Noticed a thorn hunter
 33054 | Swamp:2  | Killed a thorn hunter
 33139 | Swamp:2  | You are sucked into a shaft and drop 1 floor!
 33161 | Swamp:3  | HP: 6/128 [ghoul (18)]
 33163 | Swamp:3  | Slain by a ghoul

Illustrated notes

Levels and vault maps discovered:
D:1:      nagdon_arrival_double_spiral, layout_rooms
D:2:      layout_loops_corners, shapermc_ecumenical_altar_mp_vishouse
D:3:      cheibrodos_pilgrimage, layout_loops_ring, serial_undead,
          serial_undead_d, serial_undead_e, serial_undead_c, serial_undead_b,
          serial_undead_d, serial_undead_e
D:4:      layout_basic, nicolae_hepliaklqana_hippocampus
D:5:      layout_basic, nicolae_overflow_hidden_temple,
          minmay_temple_entry_junction, lightli_ossuary_entry_decrepit_ruins
D:6:      layout_loops_ring, mainiacjoe_overflow_large_starburst,
          chequers_jeans, amcnicky_mini_rare_corridor_liquid,
          mrwooster_statue_mirror, corexii_corridor_pit,
          kennysheep_small_spiral, uniq_grinder
D:7:      layout_loops_corners, kennysheep_vampire_church, grunt_ministairs_5
D:8:      layout_gridville, kennysheep_generic_room_8
D:9:      layout_roguey, hangedman_abyss_or_decor_stagger,
          nicolae_lava_and_water
D:10:     layout_layer_cave, nicolae_sif_muna_condensation, lair_entry_dummy,
          orc_0_dummy
Temple:   kb_temple_of_zot
Lair:1:   layout_gridlike
Lair:2:   regret_index_tunnel_blossom, layout_cave_pods, dummy_snake_entry,
          nicolae_lair_grove_arrangements, serial_bayou_lagoon_a
Lair:3:   layout_gridlike, minmay_swamp_entry_eels, special_room
          [special_room_bee], chequers_serial_rivers_micro_b,
          serial_bayou_ford_a, uniq_sonja, uniq_prince_ribbit2
Lair:4:   layout_regular_city, infiniplex_staircase_pool, uniq_nessos
Lair:5:   layout_gridlike, slime_altar_1, gammafunk_ghost_wrathful_warriors
Lair:6:   evilmike_catoblepas_cave, layout_gridlike,
          nicolae_volcano_entry_vermiform, serial_bayou_shore_a
Swamp:1:  layout_basic_swamp, nicolae_swamp_tree_isthmus,
          infiniplex_staircase_pool_2
Swamp:2:  layout_basic_swamp, evilmike_swamp_ruin_house_6
Swamp:3:  layout_falls_marsh, serial_swamp_ruin, evilmike_swamp_ruin_house_2,
          evilmike_swamp_ruin_house_1, evilmike_swamp_ruin_house_5
Snake:1:  layout_grid_maze, uniq_aizul, uniq_nikola
Orc:1:    layout_caves, uniq_josephine
Orc:2:    st_orc_open, layout_diamond_mine, serial_shops, bzr_entry_gold

Skill      XL: |  1  2  3  4  5  6  7  8  9 10 11 12 13 14 15 |
---------------+----------------------------------------------+-----
Ice Magic      | 5 6 7 8 10 | 10.0
Staves         | 1 3 5 7 8 |  8.3
Spellcasting   | 4 5 6 7 11 12 | 12.7
Fire Magic     | 1 4 6 8 10 | 10.0
Conjurations   | 2 5 6 8 9 11 | 11.1
Polearms       | 3 5 8 |  8.2
Fighting       | 3 5 8 9 10 11 | 11.2
Hexes          | 3 |  3.1
Poison Magic   | 1 2 |  2.2
Dodging        | 2 4 6 |  6.7
Shields        | 4 7 8 |  8.4
Evocations     | 3 |  3.1
Stealth        | |  1.7

Action                   |  1- 3 |  4- 6 |  7- 9 | 10-12 | 13-15 || total
-------------------------+-------+-------+-------+-------+-------++-------
Melee: Spear             |    54 |       |       |       |       ||    54
       Tailslap          |     4 |    21 |    28 |    45 |    90 ||   188
       Quarterstaff      |    37 |   174 |   145 |       |       ||   356
       Trident           |       |       |   103 |   500 |   604 ||  1207
       Staff             |       |       |       |       |     4 ||     4
Throw: Stone             |       |    12 |     7 |    23 |    13 ||    55
       Boomerang         |       |       |       |       |    50 ||    50
 Cast: Freeze            |    15 |       |     3 |    20 |    19 ||    57
       Frozen Ramparts   |     3 |    13 |    22 |    53 |    47 ||   138
       Ozocubu's Armour  |       |     8 |     8 |    39 |    47 ||   102
       Foxfire           |       |     2 |    30 |    25 |    39 ||    96
       Hailstorm         |       |       |    12 |    33 |    49 ||    94
       Conjure Flame     |       |       |     4 |     4 |     1 ||     9
       Poisonous Vapours |       |       |     8 |   138 |   146 ||   292
       Fulminant Prism   |       |       |       |     3 |       ||     3
       Fireball          |       |       |       |     7 |    55 ||    62
       Sticky Flame      |       |       |       |     4 |    88 ||    92
       Dazzling Flash    |       |       |       |       |     8 ||     8
 Abil: Breathe Dispellin |       |       |     8 |     9 |    19 ||    36
Evoke: Wand              |       |       |       |       |     2 ||     2
  Use: Scroll            |       |    10 |     4 |     6 |    13 ||    33
       Potion            |       |     1 |     1 |     7 |     9 ||    18
 Stab: Sleeping          |     2 |     4 |     3 |       |     2 ||    11
       Distracted        |       |       |       |     1 |       ||     1
       Invisible         |       |       |       |       |     1 ||     1
Armor: Skin              |    26 |    86 |   136 |   248 |   296 ||   792
Dodge: Dodged            |    66 |   107 |   138 |   327 |   422 ||  1060
Block: Kite shield       |       |       |       |       |   257 ||   257

Table legend: (Time is in decaauts)
 A = Elapsed time spent in this place.
 B = Non-inter-level travel time spent in this place.
 C = Inter-level travel time spent in this place.
 D = Time resting spent in this place.
 E = Time spent auto-exploring this place.
 F = Levels seen in this place.
 G = Mean time per level.
                   A        B        C        D        E       F      G
               +--------+--------+--------+--------+--------+-----+--------+
         Total |  33253 |  31385 |   1868 |  11682 |  12994 |  25 | 1330.1 |
       Dungeon |  14607 |  13412 |   1195 |   4140 |   6960 |  10 | 1460.7 |
        Temple |    196 |    120 |     76 |      0 |     92 |   1 |  196.0 |
          Lair |  12161 |  11618 |    543 |   4588 |   4480 |   6 | 2026.8 |
         Swamp |   2024 |   2010 |     14 |   1126 |    522 |   3 |  674.7 |
     Snake Pit |    206 |    206 |      0 |    193 |      0 |   1 |  206.0 |
  Orcish Mines |   2276 |   2237 |     39 |    855 |    835 |   2 | 1138.0 |
       Ossuary |    914 |    914 |      0 |    410 |    105 |   1 |  914.0 |
       Volcano |    867 |    867 |      0 |    370 |      0 |   1 |  867.0 |
               +--------+--------+--------+--------+--------+-----+--------+

Top non-repeatable levels by time:
  Lair:2: 2845 daAuts
  Lair:6: 2653 daAuts
     D:6: 2427 daAuts
  Lair:3: 2260 daAuts
    D:10: 2125 daAuts
  Lair:5: 1847 daAuts
     D:9: 1734 daAuts
 Swamp:1: 1527 daAuts
     D:2: 1467 daAuts
  Lair:4: 1384 daAuts
     D:7: 1357 daAuts
     D:5: 1284 daAuts
     D:3: 1248 daAuts
   Orc:1: 1204 daAuts
  Lair:1: 1169 daAuts
